← All builds
Tech / Armada / Economy first / OBSERVED BUILD

Standard tech

Armada Tech (Eco) build order · Supreme Isthmus

Rushes T2 by 4:15, gets Advanced Metal Extractor around 5:28, hands off T2 constructors to Geo and the team, then scales eco and supplies the team's T2 needs through the rest of the game.

Usually first T2 con to Geo (83%)

#eco #t2 #team support · 1574 distinct matches · 255 players · 58% of Armada Tech games · team won 53% of 1868 · Recently observed

HOW TO PLAY IT

Key timing: T2 factory by 4:15

  1. Open 3 mex and heavy wind to fund a fast T2 rush.
  2. Put down Bot Lab, planning to eat it for reclaim soon after.
  3. Get Advanced Bot Lab up, hitting the T2 factory rush timing.
  4. Upgrade mex to Advanced Metal Extractor to lock in team metal income.
  5. Eat Advanced Bot Lab and keep sending cons to Geo and Pond.

Phase by phase

TYPICAL OF ITS 1574 GAMES
  1. 1
  2. 2
  3. 3
  4. 4
PLAY THE OPENING

Follow the example game's first 6:00 step by step: what to build now, what comes next, and where it goes. At 1× it keeps pace with your own game.

  1. 1

    Up to the Bot Lab

    Economy
    • Metal Extractor3Mex
    • Wind Turbine4Wind
    Order
    1. Bot LabBot Lab after 3 mex, 4 winddone ~1:18, middle half 1:13–1:32

    Some games also: energy storage (31%)

    By 1:01 in all: 3 mex · 4 wind

    The example game in this phase · 3 steps
    1. Mex ×3
    2. Wind ×2
    3. Bot LabBot Labdone 1:03 · typical 1:18
  2. 2

    Bot Lab to Advanced Bot Lab

    Economy
    • Metal Extractor1Mex
    • Wind Turbine8Wind
    • Energy Storage1Energy storage
    Order
    1. Advanced Bot LabAdvanced Bot Lab after 4 mex, 12 wind, 3 con turretdone ~4:16, middle half 4:04–4:30
    Builders
    • Construction Turret3 Con turret
    • Lazarus3 Lazarus
    • Construction Bot2 Con bot
    • Construction Bot1 Con bot for allies

    Some games also: converter (36%)

    By 3:18 in all: 4 mex · 12 wind · 1 energy storage · 3 con turret

    The example game in this phase · 16 steps
    1. LazarusLazarus
    2. Wind ×2
    3. Construction BotCon bot
    4. Wind ×2
    5. LazarusLazarus
    6. Wind
    7. Con turret
    8. Wind
    9. Construction BotCon botfor Air
    10. Wind
    11. Mex
    12. Con turret
    13. Wind
    14. Energy storage
    15. Wind ×4
    16. Advanced Bot LabAdvanced Bot Labdone 3:50 · typical 4:16
  3. 3

    Advanced Bot Lab to 5:00

    Economy
    • Wind Turbine3Wind
    Order
    1. Bot LabEat Bot Lab
    Builders
    • Advanced Construction Bot1 T2 con bot for allies

    Some games also: converter (35%)

    By 5:00 in all: 4 mex · 15 wind · 1 converter · 1 energy storage · 3 con turret

    The example game in this phase · 3 steps
    1. Bot LabEat Bot Labreclaimed for its metal
    2. Advanced Construction BotT2 con bot ×2for Geo
    3. Advanced Metal ExtractorT2 mex ×3done 4:49 · typical 5:29
  4. 4

    5:00 to 10:00

    Economy
    • Wind Turbine43Wind
    • Energy Converter6Converter
    Builders
    • Butler9 Butler
    • Advanced Construction Bot4 T2 con bot for allies
    • Advanced Construction Bot1 T2 con bot

    Some games also: con turret (43%) · Butler for allies (37%)

    By 10:00 in all: 4 mex · 58 wind · 8 converter · 1 energy storage · 3 con turret

    The example game in this phase · 239 steps
    1. Advanced Construction BotT2 con botfor Beach sea
    2. Advanced Metal ExtractorT2 mex
    3. ButlerButler ×4
    4. Advanced Construction BotT2 con botfor Geo sea
    5. Wind ×3
    6. ButlerButler
    7. Wind ×4
    8. ButlerButler
    9. Wind ×3
    10. ButlerButler
    11. Wind ×5
    12. ButlerButler
    13. Wind
    14. Advanced Construction BotT2 con bot
    15. Wind
    16. Advanced solar
    17. Wind
    18. Converter
    19. Tidal
    20. Wind ×3
    21. Advanced Construction BotT2 con botfor Front
    22. Wind ×2
    23. Tidal
    24. Wind ×2
    25. ButlerButler
    26. Wind ×2
    27. Tidal
    28. Converter
    29. Wind ×2
    30. ButlerButler
    31. Wind
    32. Advanced solar
    33. Wind
    34. Tidal
    35. ButlerButler
    36. Wind
    37. Converter
    38. Wind
    39. Advanced Metal ExtractorT2 mex
    40. ButlerButler
    41. Wind ×3
    42. ButlerButler
    43. Wind ×2
    44. Advanced solar
    45. Wind
    46. ButlerButler
    47. Wind ×2
    48. Converter
    49. ButlerButler
    50. Wind ×2
    51. Converter
    52. Wind ×2
    53. Converter
    54. Wind ×2
    55. Converter
    56. Wind
    57. Converter
    58. Wind
    59. Converter
    60. Wind
    61. Converter
    62. Wind ×2
    63. Converter
    64. Wind
    65. Converter
    66. Wind ×2
    67. Converter
    68. Converter
    69. Wind ×2
    70. Advanced Metal ExtractorT2 mex
    71. Converter
    72. Wind
    73. Converter
    74. Wind
    75. Converter
    76. Wind ×2
    77. Converter
    78. Converter
    79. Wind ×3
    80. Converter
    81. Wind ×3
    82. Converter
    83. Wind
    84. Con turret
    85. Wind ×2
    86. Converter
    87. Wind ×2
    88. Advanced Metal ExtractorT2 mex
    89. Wind
    90. Converter
    91. Metal storage
    92. Wind ×3
    93. Converter
    94. Wind ×2
    95. Con turret
    96. Wind
    97. Converter
    98. Wind ×3
    99. Con turret
    100. Converter
    101. Wind ×4
    102. Con turret
    103. Converter
    104. Wind ×5
    105. Converter
    106. Wind ×2
    107. Con turret
    108. Wind
    109. Converter
    110. Wind ×2
    111. Advanced Metal ExtractorT2 mex
    112. Wind
    113. Converter
    114. Wind ×3
    115. Converter
    116. Wind ×5
    117. Converter
    118. Wind ×3
    119. Converter
    120. Wind ×2
    121. Con turret
    122. Wind
    123. Converter
    124. Wind ×2
    125. Converter
    126. Wind ×2
    127. ShipyardShipyarddone 11:58
    128. Wind ×2
    129. Converter
    130. Wind
    131. HerringMissile corvette
    132. Wind ×2
    133. Converter
    134. Wind
    135. RiptideFrigatedone 12:08
    136. Wind ×3
    137. Converter
    138. RiptideFrigate
    139. Wind
    140. ThistleThistle
    141. Wind ×2
    142. Converter
    143. OppressorDestroyerdone 12:26
    144. JellyfishJellyfish
    145. Wind ×3
    146. Converter
    147. Wind ×2
    148. Converter
    149. Wind ×2
    150. HerringMissile corvette
    151. Wind ×2
    152. Converter
    153. Wind ×2
    154. Construction ShipCon ship
    155. JellyfishJellyfish
    156. Wind ×2
    157. Converter
    158. Wind
    159. RiptideFrigate
    160. Wind ×2
    161. Converter
    162. Wind ×3
    163. RiptideFrigate
    164. Converter
    165. Wind ×3
    166. Converter
    167. Wind
    168. OppressorDestroyer
    169. Wind ×3
    170. Converter
    171. Wind ×2
    172. Converter
    173. Wind ×2
    174. HerringMissile corvette
    175. Wind
    176. Advanced Construction BotT2 con bot
    177. Converter
    178. Wind ×3
    179. RiptideFrigate
    180. Wind ×2
    181. Converter
    182. Wind ×3
    183. RiptideFrigate
    184. Converter
    185. Wind ×3
    186. OppressorDestroyer
    187. Converter
    188. Wind ×3
    189. Converter
    190. Advanced ShipyardAdvanced Shipyarddone 14:04
    191. Wind ×2
    192. Converter
    193. Wind
    194. HerringMissile corvette
    195. Wind ×2
    196. Converter
    197. Wind ×3
    198. Converter
    199. RiptideFrigate
    200. Wind ×3
    201. Converter
    202. Wind ×2
    203. Converter
    204. Wind ×3
    205. RiptideFrigate
    206. Converter
    207. Wind ×4
    208. Naval Construction Turret
    209. Con turret
    210. Wind
    211. Converter
    212. OppressorDestroyer
    213. DespotBattleshipdone 14:59
    214. Wind ×4
    215. Converter
    216. Con turret
    217. Wind ×3
    218. Converter
    219. Wind ×4
    220. Fusion ReactorFusionnot finished by 15:00
    221. Naval Construction Turret
    222. Converter
    223. Wind ×3
    224. Naval Construction Turret
    225. HerringMissile corvette
    226. Converter
    227. Wind ×3
    228. Naval Construction Turret
    229. Wind
    230. Converter
    231. Wind
    232. Naval Construction Turret
    233. Wind ×2
    234. Converter
    235. Wind
    236. RiptideFrigate
    237. Wind ×3
    238. Converter
    239. Naval Construction Turret

Counts are medians over the build's games: half of them build more, half fewer. The example game is Afussy's (33 OS, 16/08/2026); pick another.

Team trades

IN AT LEAST 30% OF ITS GAMES

You hand over

  • Construction Bot1 Con bot to Airfirst at 2:24 · in 84% of games
  • Advanced Construction Bot5 T2 con bot to Air or Geo sea or Pondfirst at 4:50 · in 99% of games
  • Butler2 Butler to Geo sea or Beach sea or Pondfirst at 9:07 · in 42% of games

You get

  • Hercules1 Light transport from Airfirst at 4:01 · in 86% of games

How it plays out

Typical game of this build, running totals by minute

Metal produced

020k40k
0:005:0010:0015:00

metal

Enemy metal destroyed

050100
0:005:0010:0015:00

metal

Own metal lost

050100150
0:005:0010:0015:00

metal

1868 games.

Show as table
ByMetal produced: This buildEnemy metal destroyed: This buildOwn metal lost: This build
1:0038300
2:0091500
3:00165100
4:00314300
5:00484800
6:00580000
7:00722700
8:00906100
9:001116900
10:001350200
11:001623900
12:001965200
13:002344100
14:0027357074
15:003153885130
WHAT THE NUMBERS SAY

Standard Tech play barely fights at all early, instead pouring metal into T2 infrastructure and constructors for the team.

  • + Metal produced hits 31679 by 15:00, by far the highest of any role here.
  • + T2 factory reached in 97% of games by 4:15, fastest and most reliable T2 timing.
  • − Enemy metal destroyed stays at 0 through 10:00, no early offense at all.
  • − Own metal lost also near 0, showing total avoidance of combat risk.
THE EXAMPLE YOU ARE READING

Afussy

33.1 OS · 16/08/2026

Open source match ↗

62 received units · includes a constructor
1139 metal received · 45232 energy received

Allied construction assistance is unknown. Timings are observations, not a promise of solo reproducibility.

Typical milestones

Bot Lab1:18Middle 50%: 1:13–1:32 · n=1868
Advanced Bot Lab4:16Middle 50%: 4:04–4:30 · n=1861
Advanced Metal Extractor5:29Middle 50%: 5:06–5:59 · n=1864

Played most by

Amrissa93games of this buildTheGeneraI66games of this buildAdeus57games of this buildEl_Turco56games of this buildKOT_43games of this build
Standard tech · Armada Tech (Eco) build order · BAR Build Atlas